 Dungeon Crawl Stone Soup version 0.29-a0-517-gbdf32494f2 (webtiles) character file.

Game seed: 16886165710610470987

104 purpskrrrp the Ruffian (level 4, -1/27 HPs)
             Began as a Gargoyle Gladiator on May 30, 2022.
             Killed by divine providence
             ... invoked by an orc priest
              (11 damage)
             ... on level 3 of the Dungeon.
             The game lasted 00:16:56 (4217 turns).

purpskrrrp the Ruffian (Gargoyle Gladiator)         Turns: 4217, Time: 00:16:56

Health: -1/27      AC: 11    Str: 19    XL:     4   Next: 80%
Magic:  4/4        EV: 12    Int: 13    God:
Gold:   201        SH:  0    Dex: 11    Spells: 3/3 levels left

rFire   + . .      SeeInvis .   d - +0 war axe
rCold   . . .      Faith    .   (no shield)
rNeg    + . .      Spirit   .   j - +3 leather armour "Ytsail" {rF+ Will++ Int+4 Stlth+}
rPois   ∞          Reflect  .   b - +1 helmet
rElec   +          Harm     .   (no cloak)
rCorr   .          Rampage  .   (no gloves)
Will    ++...                   (no boots)
Stlth   ++........              (no amulet)
HPRegen 0.09/turn               (no ring)
MPRegen 0.09/turn               (no ring)

@: no status effects
A: sickness immunity, AC +3, negative energy resistance 1, electricity
resistance, torment resistance 1, petrification resistance
a: no special abilities


You were on level 3 of the Dungeon.
You visited 1 branch of the dungeon, and saw 4 of its levels.

You collected 201 gold pieces.

Inventory:

Hand Weapons
 d - a +0 war axe (weapon)
 o - a +1 long sword
Missiles
 c - 3 throwing nets (quivered)
Armour
 a - a +0 leather armour
 b - a +1 helmet (worn)
 j - the +3 leather armour "Ytsail" (worn) {rF+ Will++ Int+4 Stlth+}
   (You found it on level 3 of the Dungeon)

   Int:       It affects your intelligence (+4).
   rF:        It protects you from fire.
   Will:      It greatly increases your willpower.
   Stlth:     It makes you more stealthy.
 l - a +0 scale mail
Magical Staves
 e - a staff of conjuration
 g - a staff of conjuration
Wands
 k - a wand of iceblast (7)
 r - a wand of paralysis (8)
Scrolls
 m - 2 scrolls of immolation
Potions
 f - 3 potions of resistance
 h - a potion of ambrosia
 n - a potion of invisibility {unknown}
 s - 2 potions of degeneration
 t - a potion of haste
 u - a potion of lignification {unknown}


   Skills:
 + Level 2.6 Fighting
 * Level 0.2 Axes
 + Level 1.2 Staves
 + Level 2.0 Throwing
 + Level 1.7 Armour
 + Level 3.0 Dodging
 + Level 0.1 Stealth
 + Level 3.3 Unarmed Combat
 * Level 1.5 Conjurations


You had 3 spell levels left.
You didn't know any spells.
Your spell library contained the following spells:

 Spells                   Type           Power      Damage    Failure   Level
 Gell's Gravitas          Tloc           0%         N/A       73%         3
 Lesser Beckoning         Tloc           0%         N/A       73%         3
 Teleport Other           Tloc           0%         N/A       73%         3
 Dispersal                Tloc           0%         N/A       100%        6
 Disjunction              Tloc           0%         N/A       100%        8


Dungeon Overview and Level Annotations

Branches:
Dungeon (4/15)
 Temple: D:4-7

Altars:
Nemelex Xobeh

Shops:
D:3 !


Innate Abilities, Weirdness & Mutations

You are immune to sickness and miasma.
Your stone body is resilient. (AC +3)
You are immune to poison.
You resist negative energy. (rN+)
You are resistant to electric shocks. (rElec)
You are resistant to unholy torment.
You are immune to petrification.


Message History

You miss the hound.
The hound is heavily wounded.
The hound bites you but does no damage. The hound closely misses you.
You closely miss the hound.
The hound is heavily wounded.
The hound bites you. The hound bites you but does no damage.
You hit the hound.
The hound is severely wounded.
The hound bites you but does no damage. The hound barely misses you.
You hit the hound.
You kill the hound!
Your Dodging skill increases to level 3!
Found a leather armour.
You start resting.
An orc priest comes into view. It is wielding a +0 mace.
You open the door.
There is an open door here.
Found 8 stones.
An adder comes into view.
Found a white potion and 21 stones.
The adder hisses angrily.
You hear a shout!
A kobold comes into view. It is wielding a +0 dagger.
Found a scroll of enchant armour.
The kobold shouts!
The adder bites you but does no damage.
You closely miss the adder.
The orc priest shouts!
The adder closely misses you. x2
You barely miss the adder. The adder bites you but does no damage.
The adder barely misses you.
You completely miss the adder. The adder bites you but does no damage.
The orc priest calls down the wrath of Beogh upon you.
Beogh smites you! The adder bites you but does no damage.
The kobold attacks as you move away! The kobold barely misses you.
You slash the kobold!
You kill the kobold!
The adder bites you but does no damage.
The orc priest mumbles some strange prayers to Beogh against you.
Beogh smites you!
You die...

............# ... .
......!..(.. ..#.
....(....# ...
........#. #.#
#.......'. #)#
#..o....# #..
###......?# ##.
#..S##....'. #.
#..@# ####. #. #...#
#. #...### #.
#.....#### #.
#.....'..# #.
#.....##.##########.
###.................
#.....############
#.....# #..


You could see an orc priest and an adder.

Vanquished Creatures
  A hound (D:3)
  An adder (D:4)
  A worm (D:2)
  3 dart slugs
  2 orcs (D:3)
  3 ball pythons
  7 endoplasms
  7 giant cockroaches
  4 goblins
  3 hobgoblins
  7 kobolds
  A quokka (D:1)
  3 bats
  6 frilled lizards
  5 rats
54 creatures vanquished.

Notes
Turn   | Place    | Note
-------+----------+-------------------------------------------
     0 | D:1      | purpskrrrp the Gargoyle Gladiator began the quest for the
                  | Orb.
     0 | D:1      | Reached XP level 1. HP: 12/12 MP: 1/1
   539 | D:1      | Reached XP level 2. HP: 18/18 MP: 2/2
  1273 | D:1      | Found a faded altar of an unknown god.
  1519 | D:1      | Reached XP level 3. HP: 22/22 MP: 3/3
  1777 | D:2      | Reached skill level 1 in Armour
  2168 | D:2      | Found a sparkling altar of Nemelex Xobeh.
  2588 | D:3      | Reached skill level 1 in Staves
  2663 | D:3      | Identified the +3 leather armour "Ytsail" {rF+ Will++ Int+4
                  | Stlth+}
  3135 | D:4      | Reached XP level 4. HP: 25/27 MP: 4/4
  3213 | D:4      | Reached skill level 1 in Conjurations
  4007 | D:3      | Found Qyquott's Distillery.
  4217 | D:3      | Killed from afar by an orc priest

Illustrated notes

Levels and vault maps discovered:
D:1:      sevenhm_arrival_forest_fort_large_4, layout_loops_corners,
          hellmonk_ecumenical_altar_blasted, serial_glass, glass_columns_b,
          glass_columns_a
D:2:      layout_basic, basic_altar, minmay_tromino_v4_a
D:3:      layout_basic, serial_shops, nicolae_shop_stone,
          corexii_item_surrounded_by_moat, uniq_ijyb, uniq_jessica, uniq_grinder
D:4:      layout_gridville, portal_sewer_entry_e

Skill      XL: |  1  2  3  4 |
---------------+-------------+-----
Throwing       | 2 |  2.0
Armour         | 1 |  1.7
Staves         | 1 |  1.2
Conjurations   | 1 |  1.5
Dodging        | 3 |  3.0
Fighting       | |  2.6
Axes           | |  0.2
Stealth        | |  0.1
Unarmed Combat | |  3.3

Action                   |  1- 3 |  4- 6 || total
-------------------------+-------+-------++-------
Melee: Staff             |   181 |    12 ||   193
       Unarmed           |     8 |       ||     8
       Punch             |     4 |       ||     4
       War axe           |       |    31 ||    31
Throw: Javelin           |     1 |       ||     1
  Use: Scroll            |     9 |     3 ||    12
       Potion            |     3 |       ||     3
 Stab: Sleeping          |     1 |     1 ||     2
Armor: Leather armour    |    65 |    23 ||    88
       Scale mail        |    56 |       ||    56
Dodge: Dodged            |   132 |    32 ||   164

Table legend: (Time is in decaauts)
 A = Elapsed time spent in this place.
 B = Non-inter-level travel time spent in this place.
 C = Inter-level travel time spent in this place.
 D = Time resting spent in this place.
 E = Time spent auto-exploring this place.
 F = Levels seen in this place.
 G = Mean time per level.
                   A        B        C        D        E       F      G
               +--------+--------+--------+--------+--------+-----+--------+
         Total |   4248 |   3651 |    597 |    843 |   2190 |   4 | 1062.0 |
       Dungeon |   4248 |   3651 |    597 |    843 |   2190 |   4 | 1062.0 |
               +--------+--------+--------+--------+--------+-----+--------+

Top non-repeatable levels by time:
     D:1: 1692 daAuts
     D:4: 1263 daAuts
     D:2: 910 daAuts
     D:3: 381 daAuts
